 Dungeon Crawl Stone Soup version 0.27-a0-1579-g97d2440184 (webtiles) character file.

Game seed: 12699018932784097559

387 freelancePsychic the Skirmisher (level 6, -2/49 HPs)
             Began as a Demonspawn Berserker on July 18, 2021.
             Was a Believer of Trog.
             Slain by a kobold (4 damage)
             ... on level 3 of the Dungeon.
             The game lasted 00:05:04 (2852 turns).

freelancePsychic the Skirmisher (DsBe)              Turns: 2852, Time: 00:05:05

Health: -2/49      AC:  2    Str: 18    XL:     6   Next: 49%
Magic:  6/6        EV:  8    Int:  9    God:    Trog [**....]
Gold:   73         SH: 16    Dex: 13    Spells: 5/5 levels left

rFire    . . .     SeeInvis .     - Unarmed
rCold    . . .     Faith    .   g - +0 tower shield
rNeg     . . .     Spirit   .   b - +0 animal skin
rPois    .         Reflect  .   (helmet restricted)
rElec    .         Harm     .   (no cloak)
rCorr    .         Rampage  .   (no gloves)
Will     .....                  (no boots)
Stlth    +.........             (no amulet)
HPRegen  0.16/turn              (no ring)
MPRegen  0.10/turn              (no ring)

@: no status effects
A: antennae 1, claws 1, hooves 1, foul stench 1, condensation shield
a: Renounce Religion, Berserk, Trog's Hand


You were on level 3 of the Dungeon.
You worshipped Trog.
Trog was pleased with you.
You visited 1 branch of the dungeon, and saw 4 of its levels.

You collected 73 gold pieces.

Inventory:

Hand Weapons
 a - a +0 spear of electrocution
Missiles
 i - 3 throwing nets (quivered)
Armour
 b - a +0 animal skin (worn)
 g - a +0 tower shield (worn)
 k - a +0 chain mail
Wands
 m - a wand of charming (14)
Scrolls
 e - a scroll of noise
Potions
 c - a potion of curing {unknown}
 d - 2 potions of mutation {unknown}
 f - a potion of resistance {unknown}
 h - a potion of lignification {unknown}
 j - a potion of might {unknown}
 l - a potion of brilliance {unknown}


   Skills:
 + Level 4.4 Fighting
 - Level 3.0 Polearms
 - Level 1.7 Armour
 - Level 2.5 Dodging
 + Level 1.9 Shields
 * Level 3.9 Unarmed Combat


You had 5 spell levels left.
You didn't know any spells.
Your spell library was empty.

Dungeon Overview and Level Annotations

Branches:
Dungeon (4/15)
 Temple: D:4-7

Altars:
Qazlal

Annotations:
D:4 Dowan, Duvessa


Innate Abilities, Weirdness & Mutations

You have a pair of small antennae on your head.
You have sharp fingernails.
You have large cloven feet.
You may rarely emit foul miasma when damaged in melee.
A meltable shield of frost defends you. (SH +4)


Message History

An orc wizard comes into view. It is wielding a +0 dagger.
The orc barely misses you. Something hits you but does no damage.
The orc wizard shouts!
You scratch something. You kick something. Something hits you.
You emit a cloud of foul miasma!
The kobold throws a poisoned dart.
A quokka comes into view.
You closely miss the orc.
The ball python hisses angrily.
You block the orc's attack.
You hear some strange, mumbled words.
A magic dart appears from out of thin air!
The magic dart hits you!
* * * LOW HITPOINT WARNING * * *
The orc closely misses you. The orc hits you with a +0 falchion.
* * * LOW HITPOINT WARNING * * *
Trog accepts your kill.
Trog appreciates your killing of a magic user.
Reactivating autopickup.
You feel a bit more experienced.
Your skin stops crawling.
You feel less strong-willed. You block the orc's attack.
Duvessa, Sister of Dowan comes into view.
She is wielding a +0 rapier.
You block the orc's attack.
Dowan says, "My weaknesses are her strengths!"
Dowan mumbles some strange words.
Dowan blinks!
The hound skeleton bites you but does no damage.
The kobold barely misses you.
There is a stone staircase leading up here.
You block the hound skeleton's attack. You block the kobold's attack.
The hound skeleton closely misses you.
You climb upwards.
There is a stone staircase leading down here.
You closely miss the kobold. You block the kobold's attack.
The kobold hits you with a +0 short sword.
* * * LOW HITPOINT WARNING * * *
You closely miss the kobold. Your kick misses the kobold.
You recover from your berserk rage.
The kobold hits you with a +0 short sword.
You die...

..≈≈#.....#≈≈§§..#...#........≈≈.
.≈§§#####.#≈§≈≈≈.#<..#.......≈≈≈≈
.§§≈≈§≈§#.######.....#......≈.≈≈.
.§§≈§§§§#.........#..'..≈≈≈≈≈≈≈≈≈
.≈§≈≈§§≈#.######.##..'(.≈≈≈≈≈≈≈≈≈
.≈≈§≈≈###.#≈≈§≈≈....##......≈.≈≈.
§§≈§≈##...#≈≈§≈..#####.......≈≈≈≈
..§≈##.##.#≈≈≈§K.# #........≈≈.
...##.#####§≈≈..@# ##.......≈≈.
.....##§≈≈≈≈≈....# ##......≈≈.
###...≈≈≈≈≈......# ###.....≈≈.
####.....§§......# #.##.......
#...........##### #.###......
#..........## ###.# ####''#
##...........# #...# #...#
##...........########...#####.###
##.................##...##......#


You could see a kobold.

Vanquished Creatures
  An ogre (D:4)
  Terence (D:2)
  Natasha (thrice) (D:2)
  An orc wizard (D:4)
  2 hound skeletons (D:4)
  4 gnolls (D:3)
  5 adders
  A worm (D:2)
  An orc (D:3)
  11 ball pythons
  6 endoplasms
  5 giant cockroaches
  5 goblins
  2 hobgoblins
  8 jackals
  2 quokkas
  9 bats
  3 kobolds
  5 rats
75 creatures vanquished.

Notes
Turn   | Place    | Note
-------+----------+-------------------------------------------
     0 | D:1      | freelancePsychic the Demonspawn Berserker began the quest
                  | for the Orb.
     0 | D:1      | Reached XP level 1. HP: 18/18 MP: 1/1
   221 | D:1      | Gained mutation: You have sharp fingernails. [demonic
                  | ancestry]
   221 | D:1      | Reached XP level 2. HP: 24/24 MP: 2/2
   980 | D:1      | Found a faded altar of an unknown god.
  1042 | D:2      | Reached skill level 1 in Unarmed Combat
  1066 | D:2      | Gained mutation: You have large cloven feet. [demonic
                  | ancestry]
  1066 | D:2      | Reached XP level 3. HP: 29/29 MP: 3/3
  1289 | D:2      | Found a stormy altar of Qazlal.
  1331 | D:2      | Noticed Natasha
  1337 | D:2      | Killed Natasha
  1407 | D:2      | Gained mutation: You may rarely emit foul miasma when
                  | damaged in melee. [demonic ancestry]
  1407 | D:2      | Reached XP level 4. HP: 35/35 MP: 4/4
  1419 | D:2      | Reached ** piety under Trog
  1529 | D:2      | Noticed Terence
  1539 | D:2      | Killed Terence
  1747 | D:2      | Noticed Natasha
  1812 | D:2      | Killed Natasha
  1813 | D:2      | Gained mutation: A meltable shield of frost defends you.
                  | (SH +4) [demonic ancestry]
  1813 | D:2      | Reached XP level 5. HP: 34/42 MP: 5/5
  1918 | D:2      | Noticed Natasha
  1928 | D:2      | Killed Natasha
  2215 | D:3      | Reached skill level 4 in Fighting
  2278 | D:3      | Reached skill level 1 in Shields
  2802 | D:4      | Noticed an ogre
  2806 | D:4      | Gained mutation: You have a pair of small antennae on your
                  | head. [demonic ancestry]
  2806 | D:4      | Reached XP level 6. HP: 48/48 MP: 6/6
  2828 | D:4      | Noticed Dowan
  2843 | D:4      | Noticed Duvessa
  2851 | D:3      | HP: 2/49 [kobold (5)]
  2852 | D:3      | Slain by a kobold

Illustrated notes

Levels and vault maps discovered:
D:1:      wander_arrival_estate, layout_basic,
          dilly_ecumenical_altar_fadedgnrine, serial_glass, glass_columns_a,
          glass_columns_b, feat_on_display, item_on_display_a, feat_on_display,
          minmay_shallow_snake_nest
D:2:      layout_rooms, basic_altar, uniq_natasha, uniq_terence
D:3:      layout_rooms, minivault_14, kennysheep_cross_room,
          grunt_decor_junction, ebering_dispersal_statue_hall
D:4:      layout_cave_pools, lightli_ossuary_entry_decrepit_ruins,
          uniq_menkaure, uniq_duvessa, uniq_crazy_yiuf_cottage

Skill      XL: |  1  2  3  4  5 |
---------------+----------------+-----
Polearms       | 3 |  3.0
Dodging        | 2 |  2.5
Unarmed Combat | 1 2 3 |  3.9
Fighting       | 4 |  4.4
Shields        | 1 |  1.9
Armour         | |  1.7

Action                   |  1- 3 |  4- 6 || total
-------------------------+-------+-------++-------
Melee: Spear             |    17 |       ||    17
       Unarmed           |    56 |   119 ||   175
       Kick              |     6 |    24 ||    30
Invok: Berserk           |     5 |     6 ||    11
       Trog's Hand       |       |     2 ||     2
  Use: Scroll            |       |     2 ||     2
 Stab: Sleeping          |     2 |       ||     2
Armor: Animal skin       |    11 |    14 ||    25
Dodge: Dodged            |    35 |    39 ||    74
Block: Tower shield      |       |   107 ||   107

Table legend: (Time is in decaauts)
 A = Elapsed time spent in this place.
 B = Non-inter-level travel time spent in this place.
 C = Inter-level travel time spent in this place.
 D = Time resting spent in this place.
 E = Time spent auto-exploring this place.
 F = Levels seen in this place.
 G = Mean time per level.
                   A        B        C        D        E       F      G
               +--------+--------+--------+--------+--------+-----+--------+
         Total |   3027 |   2959 |     68 |    992 |   1469 |   4 |  756.8 |
       Dungeon |   3027 |   2959 |     68 |    992 |   1469 |   4 |  756.8 |
               +--------+--------+--------+--------+--------+-----+--------+

Top non-repeatable levels by time:
     D:2: 1143 daAuts
     D:1: 1088 daAuts
     D:3: 729 daAuts
     D:4: 65 daAuts
